 Dungeon Crawl Stone Soup version 0.32-a0-683-ge26c5dbc97 (webtiles) character file.

Game seed: 13985164835624703179

209 AeshMezareph the Sneak (level 5, 0/25 HPs)
             Began as a Vine Stalker Enchanter on Mar 11, 2024.
             Slain by a gnoll sergeant
             ... wielding a +1 spear of freezing
              (4 damage)
             ... on level 4 of the Dungeon on Mar 12, 2024.
             The game lasted 00:11:43 (3608 turns).

AeshMezareph the Sneak (Vine Stalker Enchanter)     Turns: 3608, Time: 00:11:44

Health: 0/25       AC:  5    Str: 11    XL:     5   Next: 87%
Magic:  0/10       EV: 17    Int: 15    God:
Gold:   132        SH:  5    Dex: 16    Spells: 10/10 levels left

rFire   . . .        a - +1 dagger
rCold   . . .        (no shield)
rNeg    . . .        g - +0 leather armour
rPois   .            (no helmet)
rElec   .            (no cloak)
rCorr   .            (no gloves)
SInv    .            p - +1 pair of boots
Will    .....        m - amulet of reflection
Stlth   +++          d - +5 ring of evasion
HPRegen 1.04/turn    (no ring)
MPRegen 0.12/turn

%: reflection, guardian spirit
@: no status effects
A: fangs 2, regeneration 1, magic shield, antimagic bite, no potion heal 2
a: no special abilities


You were on level 4 of the Dungeon.
You visited 1 branch of the dungeon, and saw 5 of its levels.

You collected 132 gold pieces.

Inventory:

Hand Weapons
 a - a +1 dagger (weapon)
 c - the +6 flail of Extremism {flame, rC- rN+ rCorr Str+2}
   (You took it off a hobgoblin on level 4 of the Dungeon)

   Str+2:     It affects your strength (+2).
   rC-:       It makes you vulnerable to cold.
   rN+:       It protects you from negative energy.
   rCorr:     It protects you from acid and corrosion.
Armour
 b - a +0 robe
 g - a +0 leather armour (worn)
 p - a +1 pair of boots (worn)
Jewellery
 d - a +5 ring of evasion (left hand)
 m - an amulet of reflection (around neck)
Scrolls
 f - 3 scrolls of silence {unknown}
 j - a scroll of noise {unknown}
 l - 2 scrolls of revelation {unknown}
 n - 2 scrolls of teleportation {unknown}
 o - a scroll of enchant armour {unknown}
 q - 3 scrolls of identify {unknown}
 s - a scroll of fog {unknown}
Potions
 e - 2 potions of berserk rage {unknown}
 h - 2 potions of might {unknown}
 i - 2 potions of brilliance {unknown}
 k - a potion of lignification {unknown}
 r - 2 potions of mutation {unknown}
 t - a potion of enlightenment {unknown}
 u - a potion of magic {unknown}


   Skills:
 + Level 1.5 Fighting
 + Level 2.0 Short Blades
 + Level 2.4 Dodging
 + Level 4.6 Stealth
 + Level 3.0 Spellcasting
 + Level 3.8 Hexes


You had 10 spell levels left.
You didn't know any spells.
Your spell library contained the following spells:

 Spells                   Type           Power      Damage    Failure   Level
 Slow                     Hex            52%        N/A       5%          1
 Confusing Touch          Hex            13%        N/A       16%         3
 Sigil of Binding         Hex            13%        N/A       16%         3
 Tukima's Dance           Hex            13%        N/A       16%         3
 Ensorcelled Hibernation  Hex/Ice        16%        N/A       19%         2
 Dazzling Flash           Conj/Hex       16%        N/A       34%         3
 Vampiric Draining        Necr           2%         2d6       61%         3
 Volatile Blastmotes      Fire/Tloc      4%         2d10      61%         3
 Fulminant Prism          Conj/Alch      1%         3d5       95%         4
 Iskenderun's Mystic Bla  Conj/Tloc      2%         2d3       95%         4


Dungeon Overview and Level Annotations

Branches:
Dungeon (5/15)
 Temple: D:4-7

Altars:

Shops:
D:4 :

Annotations:
D:4 3 runed translucent doors, ouz's ghost, amateur CoWr


Innate Abilities, Weirdness & Mutations

You have extremely sharp teeth.
Your natural rate of healing is unusually fast.
When hurt, damage is shared between your health and your magic reserves.
Your bite disrupts and absorbs the magic of your enemies.
Potions cannot restore your health.


Message History

The ball python constricts you.
You hit the ball python. You bite the ball python.
You kill the ball python!
No target in view!
HP restored.
u - a red potion Ouz's ghost turns its malevolent gaze towards you.
You hear a shout!
The orc shouts!
The orc warrior shouts!
You hear a shout! x2
The orc shouts!
Ouz's ghost is wreathed in a cloud of translocational energy.
A gnoll sergeant is nearby!
The gnoll sergeant shouts!
A gnoll comes into view. It is wielding a +0 whip.
Unknown command.
The gnoll sergeant attacks as it pursues you!
The gnoll sergeant hits you but does no damage.
Unknown command.
Unknown command.
Unknown command.
You see here a ball python corpse.
The gnoll sergeant attacks as it pursues you!
The gnoll sergeant closely misses you.
You see here a +1 short sword of speed.
The gnoll sergeant attacks as it pursues you!
The gnoll sergeant closely misses you.
The gnoll sergeant attacks as it pursues you!
The gnoll sergeant hits you from afar with a +1 spear of freezing!
The gnoll sergeant freezes you.
The gnoll sergeant attacks as it pursues you!
The gnoll sergeant hits you from afar with a +1 spear of freezing!
The gnoll sergeant freezes you.
* * * LOW HITPOINT WARNING * * *
The gnoll sergeant attacks as it pursues you!
The gnoll sergeant closely misses you.
The gnoll sergeant attacks as it pursues you!
The gnoll sergeant hits you from afar with a +1 spear of freezing!
* * * LOW HITPOINT WARNING * * *
The gnoll sergeant freezes you.
You die...

######g#≈≈⌠.⌠≈≈..#
#....).....∩.....#
#.####.#≈≈⌠.⌠≈≈###
#g# ....≈≈≈.≈≈≈...
#.#.#.###≈≈.≈≈....
#.#.#. #.........
#g..#. #.#.......
#.###.###.#..#####
#@.............##
#...........#...##
+...........##....
#...........##.#..
#...........##.#..
#...........##.#.#
#...........##.#.#
#...........##.#..
#...........##.###


You could see a gnoll sergeant and a gnoll.

Vanquished Creatures
  A howler monkey (D:4)
  A hound (D:4)
  A sleepcap (D:3)
  4 adders
  A ribbon worm (D:2)
  4 dart slugs
  4 orcs
  9 ball pythons
  8 endoplasms
  A giant cockroach (D:2)
  3 goblins
  4 hobgoblins
  4 kobolds
  4 quokkas
  7 bats
  A frilled lizard (D:2)
  7 rats
64 creatures vanquished.

Notes
Turn   | Place    | Note
-------+----------+-------------------------------------------
     0 | D:1      | AeshMezareph the Vine Stalker Enchanter began the quest for
                  | the Orb.
     0 | D:1      | Reached XP level 1. HP: 9/9 MP: 4/4
    54 | D:1      | Reached skill level 1 in Short Blades
   145 | D:1      | Reached XP level 2. HP: 13/13 MP: 6/6
   615 | D:1      | Reached skill level 4 in Stealth
  1083 | D:2      | Reached XP level 3. HP: 16/16 MP: 7/7
  1786 | D:3      | Reached XP level 4. HP: 21/21 MP: 8/8
  2066 | D:3      | Found a faded altar of an unknown god.
  2141 | D:3      | You fall into a shaft and drop 2 floors!
  2141 | D:5      | Entered Level 5 of the Dungeon
  2407 | D:4      | Reached skill level 1 in Fighting
  2449 | D:4      | Noticed a gnoll sergeant
  2926 | D:4      | Reached XP level 5. HP: 22/25 MP: 5/10
  2963 | D:4      | Upgraded the game from 0.32-a0-675-gdc239d62e1 to
                  | 0.32-a0-683-ge26c5dbc97
  3079 | D:4      | Found a runed translucent gate.
  3079 | D:4      | Found a runed translucent gate.
  3079 | D:4      | Noticed an orc warrior
  3079 | D:4      | Noticed ouz's ghost (amateur CoWr)
  3080 | D:4      | Found a runed translucent gate.
  3080 | D:4      | Identified the +9 short sword of Distant Shores {vamp,
                  | rElec}
  3080 | D:4      | Identified the +7 chain mail of Spring {Rampage ^Drain rN+}
  3095 | D:4      | Found Momim's Self-Improvement Boutique.
  3376 | D:4      | Noticed an ice beast
  3447 | D:4      | Identified the +6 flail of Extremism {flame, rC- rN+ rCorr
                  | Str+2}
  3608 | D:4      | Slain by a gnoll sergeant

Illustrated notes

Levels and vault maps discovered:
D:1:      minmay_arrival_stair_chambers, layout_basic
D:2:      layout_loops_corners, minivault_19, minmay_tree_intersection
D:3:      layout_loops_ring, shapermc_ecumenical_altar_venn
D:4:      layout_basic, biasface_ghost_orc_armoury,
          serial_library_hellmonk_hallway_b, nicolae_shop_self_help
D:5:      layout_loops_ring, chequers_big_river, kennysheep_small_spiral,
          minivault_14, uniq_edmund

Skill      XL: |  1  2  3  4  5 |
---------------+----------------+-----
Short Blades   | 1 2 |  2.0
Stealth        | 4 |  4.6
Dodging        | 2 |  2.4
Fighting       | 1 |  1.5
Spellcasting   | 3 |  3.0
Hexes          | |  3.8

Action                     |  1- 3 |  4- 6 || total
---------------------------+-------+-------++-------
  Melee: Dagger            |    87 |   122 ||   209
         Bite              |    22 |    32 ||    54
    Use: Potion            |       |     2 ||     2
   Stab: Sleeping          |    13 |     5 ||    18
         Invisible         |       |     2 ||     2
 Armour: Robe              |     8 |    49 ||    57
         Leather armour    |    28 |    22 ||    50
  Dodge: Dodged            |    48 |    74 ||   122
  Block: Other             |       |     1 ||     1

Table legend: (Time is in decaauts)
 A = Elapsed time spent in this place.
 B = Non-inter-level travel time spent in this place.
 C = Inter-level travel time spent in this place.
 D = Time resting spent in this place.
 E = Time spent auto-exploring this place.
 F = Levels seen in this place.
 G = Mean time per level.
                   A        B        C        D        E       F      G
               +--------+--------+--------+--------+--------+-----+--------+
         Total |   3591 |   3278 |    313 |    118 |   2204 |   5 |  718.2 |
       Dungeon |   3591 |   3278 |    313 |    118 |   2204 |   5 |  718.2 |
               +--------+--------+--------+--------+--------+-----+--------+

Top non-repeatable levels by time:
     D:1: 961 daAuts
     D:2: 816 daAuts
     D:3: 811 daAuts
     D:4: 753 daAuts
     D:5: 248 daAuts
